 Dungeon Crawl Stone Soup version 0.28.0-43-g3370ac3207 (webtiles) character file.

Game seed: 12811999717689872325

180 Ablot the Grasshopper (level 5, -1/43 HPs)
             Began as a Gnoll Warper on Mar 7, 2022.
             Slain by Pargi (6 damage)
             ... in a sewer.
             The game lasted 00:04:43 (3355 turns).

Ablot the Grasshopper (Gnoll Warper)                Turns: 3355, Time: 00:04:43

Health: -1/43      AC:  4    Str: 12    XL:     5   Next: 60%
Magic:  5/12       EV: 13    Int: 13    God:
Gold:   98         SH:  0    Dex: 11    Spells: 10/14 levels left

rFire   . . .      SeeInvis .   a - +0 trident
rCold   . . .      Faith    .   (no shield)
rNeg    . . .      Spirit   .   s - +0 leather armour {rPois}
rPois   +          Reflect  .   (no helmet)
rElec   .          Harm     .   l - +0 cloak
rCorr   .          Rampage  .   (no gloves)
Will    .....                   (no boots)
Stlth   +.........              (no amulet)
HPRegen 0.14/turn               (no ring)
MPRegen 0.13/turn               (no ring)

@: no status effects
A: fangs 1, strong nose, distributed training
a: no special abilities


You were in a sewer.
You visited 1 branch of the dungeon, and saw 4 of its levels.
You also visited: Sewer.

You collected 98 gold pieces.

Inventory:

Hand Weapons
 a - a +0 trident (weapon)
 v - a +0 hunting sling
Missiles
 d - 5 boomerangs of dispersal
 g - 126 stones
 m - 126 arrows
 u - 5 boomerangs (quivered)
 y - 5 curare-tipped darts
Armour
 l - a +0 cloak (worn)
 s - a +0 leather armour of poison resistance (worn)
 x - a +0 buckler
Scrolls
 b - a scroll of immolation {unknown}
 c - a scroll of blinking
 e - a scroll of enchant armour {unknown}
 f - 3 scrolls of identify {unknown}
 k - a scroll of silence {unknown}
 n - 2 scrolls of amnesia {unknown}
 o - 2 scrolls of brand weapon {unknown}
 p - a scroll of teleportation {unknown}
 C - a scroll of fog {unknown}
 D - 2 scrolls of fear {unknown}
Potions
 h - 2 potions of cancellation {unknown}
 i - a potion of might {unknown}
 j - 2 potions of mutation {unknown}
 q - a potion of invisibility {unknown}
 r - a potion of lignification {unknown}
 t - a potion of curing {unknown}
 w - 2 potions of heal wounds {unknown}
 z - a potion of experience {unknown}
 B - a potion of resistance {unknown}


   Skills:
 + Level 4.8 Fighting
 + Level 1.5 Short Blades
 + Level 1.5 Long Blades
 + Level 1.5 Axes
 + Level 1.5 Maces & Flails
 + Level 4.8 Polearms
 + Level 1.5 Staves
 + Level 1.5 Slings
 + Level 1.5 Bows
 + Level 1.5 Crossbows
 + Level 3.0 Throwing
 + Level 3.0 Armour
 + Level 4.8 Dodging
 + Level 1.5 Stealth
 + Level 1.5 Shields
 + Level 1.5 Unarmed Combat
 + Level 5.2 Spellcasting
 + Level 1.2 Conjurations
 + Level 1.2 Hexes
 + Level 1.2 Summonings
 + Level 1.2 Necromancy
 + Level 5.5 Translocations
 + Level 1.2 Transmutations
 + Level 1.2 Fire Magic
 + Level 1.2 Ice Magic
 + Level 1.2 Air Magic
 + Level 1.2 Earth Magic
 + Level 1.2 Poison Magic
 + Level 1.7 Invocations
 + Level 1.5 Evocations


You had 10 spell levels left.
You knew the following spells:

 Your Spells              Type           Power      Damage    Failure   Level
a - Blink                 Tloc           34%        N/A       3%          2
b - Poisonous Vapours     Pois/Air       12%        N/A       22%         2

Your spell library contained the following spells:

 Spells                   Type           Power      Damage    Failure   Level
 Gell's Gravitas          Tloc           17%        N/A       7%          3
 Lesser Beckoning         Tloc           17%        N/A       7%          3
 Teleport Other           Tloc           17%        N/A       7%          3
 Corpse Rot               Necr/Air       12%        N/A       22%         2
 Ensorcelled Hibernation  Hex/Ice        12%        N/A       22%         2
 Dazzling Flash           Conj/Hex       12%        N/A       38%         3
 Frozen Ramparts          Ice            12%        1d3       38%         3
 Spider Form              Tmut/Pois      6%         N/A       38%         3
 Iskenderun's Mystic Bla  Conj/Tloc      12%        2d5       50%         4
 Manifold Assault         Tloc           17%        N/A       54%         5
 Anguish                  Hex/Necr       3%         N/A       80%         4
 Ice Form                 Ice/Tmut       6%         N/A       80%         4
 Summon Ice Beast         Ice/Summ       6%         N/A       80%         4
 Starburst                Conj/Fire      3%         6d3       100%        6


Dungeon Overview and Level Annotations

Branches:
Dungeon (4/15)              Sewer (1/1)
 Temple: D:4-7

Altars:
Trog

Annotations:
Sewer Pargi


Innate Abilities, Weirdness & Mutations

You have very sharp teeth.
Your uncanny sense of smell can sniff out nearby items.
Your experience applies equally to all skills.


Message History

Casting: Blink (safe; 3% risk of failure)
Confirm with . or Enter, or press ? or * to list all spells.
Aiming: Poisonous Vapours (safe; 22% risk of failure)
Press: ? - help, Dir - move target, f/p - Pargi
Aim: Pargi (severely wounded, poisoned) Poisonous vapours surround Pargi!
Pargi looks even sicker.
Pargi closely misses you. Pargi claws you.
* * * LOW HITPOINT WARNING * * *
Pargi claws you but does no damage.
You hit Pargi.
Pargi is almost dead.
You feel stable enough to blink again. Pargi closely misses you.
Pargi misses you. Pargi barely misses you.
Unknown command.
Casting: Poisonous Vapours (safe; 22% risk of failure)
Confirm with . or Enter, or press ? or * to list all spells.
You blink.
There are no items here.
Throw: 5 boomerangs
Press: ? - help, Q - select action, (/) - cycle Shift-Dir - straight line, f/p - Pargi
Aim: Pargi (almost dead, poisoned, 51% to hit)
You throw a boomerang. The boomerang closely misses Pargi.
Unknown command.
Throw: 5 boomerangs
Press: ? - help, Q - select action, (/) - cycle Shift-Dir - straight line, f/p - Pargi
Aim: Pargi (almost dead, poisoned, 51% to hit)
You throw a boomerang.
The boomerang hits Pargi but does no damage.
Pargi is almost dead.
Throw: 5 boomerangs
Press: ? - help, Q - select action, (/) - cycle Shift-Dir - straight line, f/p - Pargi
Aim: Pargi (almost dead, poisoned, 51% to hit)
You throw a boomerang. The boomerang hits Pargi.
Pargi is almost dead.
Pargi hisses menacingly.
You hit Pargi.
Pargi is almost dead.
You feel stable enough to blink again.
Pargi looks more healthy.
Pargi bites you.
You die...

#### #≈######
....## ##≈##...# !∆
## ..≈..###
#.≈.#.∩.# ).##≈
#.≈...### #.≈...∩.#
##≈...
#≈≈...###.≈.....#
.(((..#
##≈≈..≈≈≈.≈######
#≈≈≈.≈###
###.....###.≈.....#
∆
#≈....####.≈...###
#.≈.....# ∆∆
###..≈.≈≈≈.T@###
#.≈.....#
###....≈.###
##≈#....# ########
#≈##†..# #≈##...#
#≈###.## ####..#
#..# #..# ####


You could see Pargi.

Vanquished Creatures
  2 orc priests (D:3)
  4 adders
  A worm (D:4)
  4 dart slugs
  8 orcs (D:3)
  4 ball pythons
  5 bats
  5 endoplasms
  5 giant cockroaches
  6 goblins
  3 hobgoblins
  5 jackals
  5 quokkas
  A kobold (D:3)
  2 rats
60 creatures vanquished.

Notes
Turn   | Place    | Note
-------+----------+-------------------------------------------
     0 | D:1      | Ablot the Gnoll Warper began the quest for the Orb.
     0 | D:1      | Reached XP level 1. HP: 20/20 MP: 6/6
   181 | D:1      | Reached XP level 2. HP: 16/26 MP: 7/7
   184 | D:1      | Learned a level 2 spell: Blink
   918 | D:2      | Reached XP level 3. HP: 30/31 MP: 9/9
   991 | D:2      | Reached skill level 5 in Spellcasting
  1142 | D:2      | Reached skill level 1 in Invocations
  1253 | D:2      | Reached skill level 1 in Short Blades
  1253 | D:2      | Reached skill level 1 in Long Blades
  1253 | D:2      | Reached skill level 1 in Axes
  1253 | D:2      | Reached skill level 1 in Maces & Flails
  1253 | D:2      | Reached skill level 1 in Staves
  1253 | D:2      | Reached skill level 1 in Slings
  1253 | D:2      | Reached skill level 1 in Bows
  1253 | D:2      | Reached skill level 1 in Crossbows
  1253 | D:2      | Reached skill level 1 in Stealth
  1253 | D:2      | Reached skill level 1 in Shields
  1253 | D:2      | Reached skill level 1 in Unarmed Combat
  1253 | D:2      | Reached skill level 1 in Evocations
  1253 | D:2      | Reached XP level 4. HP: 30/38 MP: 11/11
  2184 | D:3      | Reached skill level 1 in Conjurations
  2184 | D:3      | Reached skill level 1 in Hexes
  2184 | D:3      | Reached skill level 1 in Summonings
  2184 | D:3      | Reached skill level 1 in Necromancy
  2184 | D:3      | Reached skill level 1 in Transmutations
  2184 | D:3      | Reached skill level 1 in Fire Magic
  2184 | D:3      | Reached skill level 1 in Ice Magic
  2184 | D:3      | Reached skill level 1 in Air Magic
  2184 | D:3      | Reached skill level 1 in Earth Magic
  2184 | D:3      | Reached skill level 1 in Poison Magic
  2317 | D:3      | Reached XP level 5. HP: 24/43 MP: 12/12
  2473 | D:3      | Learned a level 2 spell: Poisonous Vapours
  2960 | D:3      | Found a bloodstained altar of Trog.
  3251 | D:4      | Found a glowing drain.
  3269 | Sewer    | Entered a sewer
  3324 | Sewer    | Noticed Pargi
  3355 | Sewer    | Slain by Pargi

Illustrated notes

Levels and vault maps discovered:
D:1:      mainiacjoe_arrival_reflecting_pool, layout_rooms,
          minmay_misc_feat_nine_boxes, amethyst_killhole
D:2:      layout_basic, kennysheep_generic_room_2
D:3:      layout_loops_cross, trog_book
D:4:      minmay_polygon_palace, layout_basic, cheibrodos_sewer_entry_drain,
          serial_shops, nicolae_shop_crystal, nicolae_shop_statue_plus,
          nicolae_lakefront_shop, nicolae_shop_trees,
          nicolae_shop_advertising_works [nicolae_subvault_shop_adworks],
          st_stairs_10, chequers_serial_rivers_room_b, minmay_starry_boxes,
          uniq_natasha
Sewer:    sewer_the_moccasin

Skill      XL: |  1  2  3  4  5 |
---------------+----------------+-----
Spellcasting   | 5 |  5.2
Invocations    | 1 |  1.7
Short Blades   | 1 |  1.5
Long Blades    | 1 |  1.5
Axes           | 1 |  1.5
Maces & Flails | 1 |  1.5
Staves         | 1 |  1.5
Slings         | 1 |  1.5
Bows           | 1 |  1.5
Crossbows      | 1 |  1.5
Stealth        | 1 |  1.5
Shields        | 1 |  1.5
Unarmed Combat | 1 |  1.5
Evocations     | 1 |  1.5
Conjurations   | 1 |  1.2
Hexes          | 1 |  1.2
Summonings     | 1 |  1.2
Necromancy     | 1 |  1.2
Transmutations | 1 |  1.2
Fire Magic     | 1 |  1.2
Ice Magic      | 1 |  1.2
Air Magic      | 1 |  1.2
Earth Magic    | 1 |  1.2
Poison Magic   | 1 |  1.2
Throwing       | 3 |  3.0
Armour         | 3 |  3.0
Fighting       | |  4.8
Polearms       | |  4.8
Dodging        | |  4.8
Translocations | |  5.5

Action                   |  1- 3 |  4- 6 || total
-------------------------+-------+-------++-------
Melee: Spear             |    88 |   151 ||   239
       Bite              |     6 |    15 ||    21
       Punch             |     4 |     5 ||     9
       Trident           |       |    44 ||    44
Throw: Dart              |       |     4 ||     4
       Boomerang         |       |     3 ||     3
 Cast: Poisonous Vapours |       |     8 ||     8
       Blink             |       |     2 ||     2
 Stab: Sleeping          |     2 |       ||     2
       Distracted        |       |     1 ||     1
Armor: Leather armour    |    15 |    53 ||    68
Dodge: Dodged            |    44 |   111 ||   155
